 Dungeon Crawl Stone Soup version 0.31.0-11-ge490571c62 (webtiles) character file.

Game seed: 4421051168102422533

1488 ProzacElf the Slasher (level 8, -5/56 HPs)
             Began as a Demonspawn Gladiator on Feb 3, 2024.
             Was a Follower of Fedhas.
             Slain by a hornet (11 damage)
             ... on level 7 of the Dungeon.
             The game lasted 00:13:10 (5107 turns).

ProzacElf the Slasher (Demonspawn Gladiator)        Turns: 5107, Time: 00:13:11

Health: -5/56      AC:  9    Str: 23    XL:     8   Next: 51%
Magic:  8/8        EV: 11    Int:  9    God:    Fedhas [*.....]
Gold:   93         SH:  4    Dex: 14    Spells: 7/7 levels left

rFire   . . .        a - +0 long sword
rCold   + . .        y - +0 buckler
rNeg    . . .        j - +0 scale mail
rPois   .            c - +0 helmet
rElec   .            A - scarf {repulsion}
rCorr   .            (no gloves)
SInv    .            (no boots)
Will    .....        (no amulet)
Stlth   ++           f - ring of protection from cold
HPRegen 0.29/turn    h - +6 ring of strength
MPRegen 0.11/turn

%: repel missiles
@: hasted and slowed, invisible
A: icy blue scales 1, powered by pain 2, spiny 2
a: Renounce Religion


You were on level 7 of the Dungeon.
You worshipped Fedhas.
Fedhas was aware of your devotion.
You visited 2 branches of the dungeon, and saw 8 of its levels.

You collected 230 gold pieces.
You spent 137 gold pieces at shops.

Inventory:

Hand Weapons
 a - a +0 long sword (weapon)
 b - a +2 dagger of speed
 C - a +0 whip of venom
Missiles
 d - 5 throwing nets
 e - a javelin
 l - 10 poisoned darts (quivered)
Armour
 c - a +0 helmet (worn)
 j - a +0 scale mail (worn)
 p - a +0 chain mail
 t - a +0 cloak
 y - a +0 buckler (worn)
 A - a scarf of repulsion (worn)
Magical Staves
 o - a staff of alchemy
Jewellery
 f - a ring of protection from cold (left hand)
 h - a +6 ring of strength (right hand)
 x - a ring of protection from fire
 I - a +6 ring of intelligence
Scrolls
 i - 5 scrolls of immolation {unknown}
 k - 3 scrolls of fear {unknown}
 m - 2 scrolls of teleportation {unknown}
 q - 4 scrolls of identify
 r - a scroll of poison {unknown}
 u - a scroll of enchant armour {unknown}
 v - 2 scrolls of revelation {unknown}
 B - a scroll of blinking {unknown}
 E - 2 scrolls of brand weapon {unknown}
Potions
 g - a potion of lignification {unknown}
 n - 2 potions of attraction {unknown}
 w - a potion of ambrosia {!e}
 z - 2 potions of haste
 D - a potion of invisibility
 F - a potion of might {unknown}
 G - a potion of mutation {unknown}
 H - a potion of berserk rage {unknown}


   Skills:
 - Level 2.0 Fighting
 + Level 7.9 Long Blades
 - Level 1.7 Throwing
 - Level 5.0 Dodging
 - Level 5.0 Stealth


You had 7 spell levels left.
You didn't know any spells.
Your spell library contained the following spells:

 Spells                   Type           Power      Damage    Failure   Level
 Blink                    Tloc           0%         N/A       90%         2
 Lesser Beckoning         Tloc           0%         N/A       90%         2
 Momentum Strike          Conj/Tloc      0%         3d8       90%         2
 Gell's Gravitas          Tloc           0%         N/A       99%         3
 Teleport Other           Tloc           0%         N/A       99%         3


Dungeon Overview and Level Annotations

Branches:
Dungeon (7/15)             Temple (1/1) D:5

Altars:
Cheibriados
Dithmenos
Fedhas
Gozag
Hepliaklqana
Kikubaaqudgha
Makhleb
Okawaru
Qazlal
Ru
Sif Muna
Trog
Uskayaw
Vehumet
Wu Jian
Yredelemnul

Shops:
D:2 ?   D:4 *[(=[   D:6 *

Annotations:
D:4 3 runed translucent doors, Biggs's ghost, amateur TrFi; Bobbunny's ghost, weakling FoDe; jejorda2's ghost, amateur DrBe
D:6 1 runed translucent door, rundlesten's ghost, novice MiBe


Innate Abilities, Weirdness & Mutations

You are partially covered in icy blue scales. (AC +2)
You sometimes gain power by taking damage.
You are mostly covered in sharp spines.


Message History

Ye take 5 damage, an' haf 31/56 hp.
It was a potion o' haste.
Ye feel yerself speed up.
Tha hornet stin's ye.
Ye feel as though ye will be slow longer.
Tha iguana bites ye.
Ye block tha hornet's attack.
Ye take 6 damage, an' haf 25/56 hp.
It was a potion o' curin'.
Ye feel better.
Tha hornet misses ye.
Tha iguana barely misses ye.
Tha hornet be struck by yer spines.
Tha hornet stin's ye!
Ye sudd'nly lose tha ability ta move!
Tha iguana be struck by yer spines.
Tha iguana bites ye but does nay damage.
Tha hornet stin's ye but does nay damage.
Ye can move again.
Ye take 6 damage, an' haf 19/56 hp.
It was a potion o' ambrosia.
Ye be confused.
Ye feel invigorated.
Tha hornet be struck by yer spines.
Tha hornet stin's ye but does nay damage.
Tha iguana bites ye.
Tha hornet be struck by yer spines.
Tha hornet stin's ye!
* * * LOW HITPOINT WARNIN'
* * * Ye be leth'lly poison'd!
Ye shrug off tha repeated paralysis!
Ye take 14 damage, an' haf 5/56 hp.
MASSIVE DAMAGE!!
Ye feel better.
Ye feel less invigorated.
Tha iguana be struck by yer spines.
Ye kill tha iguana!
Fedhas appreciates yer contribution ta tha ecosystem.
Tha hornet be struck by yer spines.
Tha hornet stin's ye but does nay damage.
Ye regain'd 10 hp, an' now haf 15/56 hp.
Ye hit tha hornet but do nay damage.
Tha hornet be almost dead.
Tha hornet stin's ye!
* * * LOW HITPOINT WARNIN'
* * * Ye feel as though ye will be slow longer.
Tha hornet closely misses ye.
Ye take 9 damage, an' haf 6/56 hp.
It was a potion o' invisibility.
Ye fade inta invisibility!
Tha hornet stin's ye!
Ye die...
Fedhas appreciates yer contribution ta tha ecosystem.

### ..####
#....##
##.....##
.######.@...?.#
[.......y†....#
.####.........#
##<......##
##...(.##
#..#.## #.##(#
#.# .# #.# #


You could see a hornet (unable to see you).

Vanquished Creatures
  Sigmund (D:4)
  A wyvern (D:6)
  Duvessa (D:5)
  An ogre (D:5)
  2 centaurs (D:6)
  A phantom (D:6)
  A gnoll sergeant (D:6)
  A scorpion (D:6)
  Dowan (D:5)
  2 howler monkeys (D:7)
  A bombardier beetle (D:4)
  4 hounds
  Jessica (D:3)
  2 iguanas
  3 orc wizards
  Robin (D:3)
  6 gnolls
  3 adders
  2 white imps
  4 dart slugs
  2 ribbon worms
  9 orcs
  3 ball pythons
  7 endoplasms
  3 giant cockroaches
  14 goblins
  7 hobgoblins
  7 kobolds
  4 quokkas
  5 bats
  4 frilled lizards
  3 rats
107 creatures vanquished.

Notes
Turn   | Place    | Note
-------+----------+-------------------------------------------
     0 | D:1      | ProzacElf the Demonspawn Gladiator began the quest for the
                  | Orb.
     0 | D:1      | Reached XP level 1. HP: 16/16 MP: 1/1
    27 | D:1      | Reached skill level 3 in Long Blades
    27 | D:1      | Reached skill level 1 in Stealth
    27 | D:1      | Gained mutation: You are partially covered in sharp spines.
                  | [demonic ancestry]
    27 | D:1      | Reached XP level 2. HP: 16/22 MP: 2/2
   400 | D:1      | Reached XP level 3. HP: 27/27 MP: 3/3
   971 | D:2      | Found Cainouga's Magic Scroll Shop.
   979 | D:2      | Bought a scroll of identify for 26 gold pieces
   979 | D:2      | Bought a scroll of noise for 13 gold pieces
  1273 | D:3      | Noticed Robin
  1312 | D:3      | Killed Robin
  1313 | D:3      | Reached XP level 4. HP: 33/33 MP: 4/4
  1465 | D:3      | Found a radiant altar of Vehumet.
  1480 | D:3      | Found a bloodstained altar of Trog.
  1811 | D:3      | Reached skill level 4 in Long Blades
  1815 | D:3      | Noticed Jessica
  1824 | D:3      | Killed Jessica
  1825 | D:3      | Gained mutation: You sometimes gain a little power by
                  | taking damage. [demonic ancestry]
  1825 | D:3      | Reached XP level 5. HP: 38/38 MP: 5/5
  2300 | D:4      | Found a runed translucent gate.
  2302 | D:4      | Found a runed translucent gate.
  2303 | D:4      | Found a runed translucent gate.
  2327 | D:4      | Found Ycoypaem's Jewellery Emporium.
  2424 | D:4      | Found Joufyr's General Store.
  2432 | D:4      | Bought a potion of degeneration for 13 gold pieces
  2445 | D:4      | Noticed Sigmund
  2471 | D:4      | Killed Sigmund
  2472 | D:4      | Reached skill level 5 in Long Blades
  2472 | D:4      | Gained mutation: You are partially covered in icy blue
                  | scales. (AC +2) [demonic ancestry]
  2472 | D:4      | Reached XP level 6. HP: 24/44 MP: 6/6
  2560 | D:4      | Found Acu Paxi's Weapon Shoppe.
  2604 | D:4      | Found Pumuzif's Armour Shoppe.
  2651 | D:4      | Found Hetaopnu's Antique Armour Shoppe.
  3004 | D:4      | Noticed Bobbunny's ghost (weakling FoDe)
  3004 | D:4      | Noticed jejorda2's ghost (amateur DrBe)
  3004 | D:4      | Noticed Biggs's ghost (amateur TrFi)
  3017 | D:5      | Entered Level 5 of the Dungeon
  3077 | D:5      | Noticed Dowan
  3078 | D:5      | Noticed Duvessa
  3097 | D:5      | Killed Duvessa
  3098 | D:5      | Reached skill level 5 in Stealth
  3098 | D:5      | Gained mutation: You are mostly covered in sharp spines.
                  | [demonic ancestry]
  3098 | D:5      | Reached XP level 7. HP: 36/50 MP: 7/7
  3101 | D:5      | Killed Dowan
  3634 | D:5      | Found a staircase to the Ecumenical Temple.
  3643 | Temple   | Entered the Ecumenical Temple
  3666 | Temple   | Became a worshipper of Fedhas Madash
  3728 | D:5      | Reached skill level 6 in Long Blades
  4318 | D:6      | Found Duroi's Assorted Antiques.
  4521 | D:6      | Gained mutation: You sometimes gain power by taking damage.
                  | [demonic ancestry]
  4521 | D:6      | Reached XP level 8. HP: 42/56 MP: 8/8
  4650 | D:6      | Bought a scroll labelled XIH XUEHEKK for 22 gold pieces
  4650 | D:6      | Bought a scroll labelled XIH XUEHEKK for 22 gold pieces
  4650 | D:6      | Bought a scroll labelled XONYZX TULAMO for 22 gold pieces
  4650 | D:6      | Bought a sedimented clear potion for 19 gold pieces
  4755 | D:6      | Reached * piety under Fedhas
  4756 | D:6      | Reached skill level 7 in Long Blades
  4756 | D:6      | Reached skill level 5 in Dodging
  4886 | D:6      | Found a runed translucent door.
  4887 | D:6      | Noticed rundlesten's ghost (novice MiBe)
  4933 | D:6      | Found a burning altar of Makhleb.
  5094 | D:7      | Noticed a hornet
  5102 | D:7      | Paralysed by a hornet for 2 turns
  5107 | D:7      | Slain by a hornet

Illustrated notes

Levels and vault maps discovered:
D:1:      grunt_arrival_lava_bath, layout_basic, corner_web_ring
D:2:      layout_loops_ring, serial_shops, shop, hangedman_abyss_or_decor_stabs
D:3:      layout_loops_corners, mainiacjoe_overflow_tiny_flanked,
          fiery_altar_vehumet, uniq_robin, uniq_jessica
D:4:      layout_rooms, gammafunk_ghost_cemetery, serial_shops,
          nicolae_inconvenience_store, nicolae_stop_n_shop_1, shop, shop,
          nicolae_stop_n_shop_1, chequers_serial_rivers_micro_c, nrook_campfire,
          uniq_sigmund
D:5:      layout_layer_cave, minmay_temple_entry_antechambers, uniq_duvessa
D:6:      layout_rooms, kennysheep_mini_moat, serial_shops, shop,
          gammafunk_ghost_grave, kennysheep_generic_room_12
D:7:      layout_loops_ring, mainiacjoe_overflow_chevrons
Temple:   hellmonk_temple_forest_ring

Skill      XL: |  1  2  3  4  5  6  7  8 |
---------------+-------------------------+-----
Long Blades    | 3 4 5 6 7 |  7.9
Stealth        | 1 2 3 4 5 |  5.0
Dodging        | 4 5 |  5.0
Fighting       | |  2.0
Throwing       | |  1.7

Action                     |  1- 3 |  4- 6 |  7- 9 || total
---------------------------+-------+-------+-------++-------
  Melee: Long sword        |    88 |    81 |   106 ||   275
         Punch             |     3 |       |       ||     3
  Throw: Dart              |       |    12 |    10 ||    22
    Use: Potion            |       |       |     5 ||     5
   Stab: Sleeping          |       |       |     1 ||     1
 Armour: Leather armour    |     4 |       |       ||     4
         Scale mail        |    35 |    52 |    86 ||   173
         Ring mail         |     5 |       |       ||     5
  Dodge: Dodged            |    44 |    38 |    58 ||   140
         Repelled          |       |       |     1 ||     1
  Block: Buckler           |       |       |    28 ||    28

Action                     |  1- 3 |  4- 6 |  7- 9 || total
---------------------------+-------+-------+-------++-------
  Melee: Long sword        |    88 |    81 |   106 ||   275
         Punch             |     3 |       |       ||     3
  Throw: Dart              |       |    12 |    10 ||    22
    Use: Potion            |       |       |     5 ||     5
   Stab: Sleeping          |       |       |     1 ||     1
 Armour: Leather armour    |     4 |       |       ||     4
         Scale mail        |    35 |    52 |    86 ||   173
         Ring mail         |     5 |       |       ||     5
  Dodge: Dodged            |    44 |    38 |    58 ||   140
         Repelled          |       |       |     1 ||     1
  Block: Buckler           |       |       |    28 ||    28

Levels and vault maps discovered:
D:1:      grunt_arrival_lava_bath, layout_basic, corner_web_ring
D:2:      layout_loops_ring, serial_shops, shop, hangedman_abyss_or_decor_stabs
D:3:      layout_loops_corners, mainiacjoe_overflow_tiny_flanked,
          fiery_altar_vehumet, uniq_robin, uniq_jessica
D:4:      layout_rooms, gammafunk_ghost_cemetery, serial_shops,
          nicolae_inconvenience_store, nicolae_stop_n_shop_1, shop, shop,
          nicolae_stop_n_shop_1, chequers_serial_rivers_micro_c, nrook_campfire,
          uniq_sigmund
D:5:      layout_layer_cave, minmay_temple_entry_antechambers, uniq_duvessa
D:6:      layout_rooms, kennysheep_mini_moat, serial_shops, shop,
          gammafunk_ghost_grave, kennysheep_generic_room_12
D:7:      layout_loops_ring, mainiacjoe_overflow_chevrons
Temple:   hellmonk_temple_forest_ring
